 Dungeon Crawl Stone Soup version 0.19.0-2-gae57169 (webtiles) character file.

1374 Inkary the Cleaver (level 8, -3/70 HPs)
             Began as a Minotaur Berserker on Nov 6, 2016.
             Was a Priest of Trog.
             Slain by an orc warrior
             ... wielding a +2 flail of protection
              (8 damage)
             ... on level 6 of the Dungeon.
             The game lasted 00:06:07 (4216 turns).

Inkary the Cleaver (Minotaur Berserker)             Turns: 4216, Time: 00:06:08

Health: -3/70      AC:  8    Str: 24    XL:     8   Next: 39%
Magic:  7/7        EV: 16    Int:  4    God:    Trog [***...]
Gold:   270        SH:  0    Dex: 10    Spells: 0 memorised, 7 levels left

rFire  . . .     SeeInvis .     r - +0 war axe
rCold  . . .     Gourm    .     x - +2 leather armour "Mainutuz" {rElec}
rNeg   . . .     Faith    .     (no shield)
rPois  .         Spirit   .     (helmet unavailable)
rElec  +         Reflect  .     (no cloak)
rCorr  .         Harm     .     e - +1 pair of gloves
MR     ++...                    (no boots)
Stlth  ++........               (no amulet)
                                y - ring of stealth
                                t - +2 ring of evasion

@: exhausted, regenerating
A: retaliatory headbutt, horns 3, talons 1, blurry vision 1, MP-powered wands
a: Berserk, Trog's Hand, Burn Spellbooks, Renounce Religion


You were on level 6 of the Dungeon.
You worshipped Trog.
Trog was most pleased with you.
You were very hungry.

You visited 1 branch of the dungeon, and saw 6 of its levels.

You collected 270 gold pieces.

Inventory:

Hand Weapons
 r - a +0 war axe (weapon)
Armour
 e - a +1 pair of gloves (worn)
 x - the +2 leather armour "Mainutuz" (worn) {rElec}
   (You found it on level 4 of the Dungeon)

   It insulates you from electricity.
Jewellery
 t - a +2 ring of evasion (left hand)
 y - a ring of stealth (right hand)
Wands
 a - a wand of iceblast (7/15)
Scrolls
 d - a scroll of teleportation {unknown}
 g - 3 scrolls of blinking {unknown}
 k - 5 scrolls of identify {unknown}
 m - 2 scrolls of recharging {unknown}
 p - a scroll of enchant armour {unknown}
 u - a scroll of magic mapping {unknown}
 v - a scroll of remove curse {unknown}
 w - 3 scrolls of fear {unknown}
Potions
 b - a potion of brilliance {unknown}
 h - 3 potions of cancellation {unknown}
 i - 2 potions of agility {unknown}
 j - a potion of flight {unknown}
 l - a potion of berserk rage {unknown}
 o - 2 potions of cure mutation {unknown}
 q - a potion of mutation {unknown}
 s - a potion of invisibility {unknown}
 A - a potion of degeneration {unknown}
 C - a potion of curing {unknown}
Comestibles
 c - 3 bread rations
 f - 2 slices of pizza
 n - 3 meat rations
 z - a beef jerky
 B - 9 chunks of flesh


   Skills:
 + Level 6.2 Fighting
 * Level 8.8 Axes
 + Level 6.1 Armour
 + Level 5.5 Dodging


You had 7 spell levels left.
You didn't know any spells.

Dungeon Overview and Level Annotations

Branches:
Dungeon (6/15)
 Temple: D:4-7

Altars:
Ashenzari
Dithmenos
Elyvilon
Qazlal
Trog
Yredelemnul
Zin


Innate Abilities, Weirdness & Mutations

You reflexively headbutt those who attack you in melee.
You have a pair of large horns on your head.
You have sharp toenails.
Scrolls take you a little longer to read.
You expend magic power (3 MP) to strengthen your wands.


Message History

You feel yourself speed up. The orc warrior misses you.
A hound comes into view.
The hound barks!
You slash the orc warrior!
The orc warrior is severely wounded.
The orc warrior hits you with a flail of protection!
* * * LOW HITPOINT WARNING * * *
You're too confused!
You bump into the rock wall.
You feel less confused. The orc warrior closely misses you.
Your skin crawls.
You feel resistant to hostile enchantments.
You feel somewhat more hungry.
You hit the orc warrior but do no damage.
You claw the orc warrior, but do no damage.
The orc warrior is severely wounded.
The orc warrior hits you with a flail of protection!
You die...

#####.)...#
#.....##..#
#.....##..#
#....####...
#....# .###
#....# ..
#....# ##.
#....#####
####..@o{##
#####h.#
##)..#
.......
....#..
.<.(# .
....# .....
......


You could see an orc warrior and a hound.

Vanquished Creatures
  The ghost of Edern the Skirmisher, an amateur DsAK of Lugonu (D:4)
  Duvessa (D:5)
  2 sky beasts (D:5)
  2 phantoms
  A centaur (D:5)
  An ogre (D:5)
  2 bullfrogs
  Dowan (D:5)
  A jelly (D:5)
  2 orc wizards (D:6)
  A bullfrog skeleton (D:5)
  2 orc priests (D:6)
  An iguana (D:5)
  A centaur skeleton (D:6)
  Natasha (twice) (D:4)
  A worker ant (D:4)
  A worker ant zombie (D:5)
  3 adders
  A shadow imp (D:5)
  2 worms (D:3)
  5 dart slugs
  A leopard gecko (D:5)
  11 orcs
  A ball python (D:3)
  3 giant cockroaches
  9 goblins
  4 hobgoblins
  3 quokkas
  4 bats
  5 frilled lizards
  2 jackal skeletons
  6 kobolds
  A leopard gecko skeleton (D:5)
  A quokka skeleton (D:5)
  3 rats
88 creatures vanquished.

Vanquished Creatures (others)
  An ooze (D:3)
1 creature vanquished.

Grand Total: 89 creatures vanquished

Notes
Turn   | Place    | Note
-------+----------+-------------------------------------------
     0 | D:1      | Inkary the Minotaur Berserker began the quest for the Orb.
     0 | D:1      | Reached XP level 1. HP: 19/19 MP: 0/0
   239 | D:1      | Reached XP level 2. HP: 26/27 MP: 1/1
   310 | D:1      | Reached skill level 4 in Axes
   991 | D:2      | Reached XP level 3. HP: 31/33 MP: 2/2
  1010 | D:2      | Reached ** piety under Trog
  1720 | D:3      | Found a stormy altar of Qazlal.
  1803 | D:3      | Reached skill level 5 in Axes
  1823 | D:3      | Reached XP level 4. HP: 40/40 MP: 3/3
  2040 | D:3      | Found a shadowy altar of Dithmenos.
  2181 | D:4      | Noticed Natasha
  2186 | D:4      | Killed Natasha
  2379 | D:4      | Got a polished leather armour
  2390 | D:4      | Identified the +2 leather armour "Mainutuz" {rElec} (You found it on level 4 of the Dungeon)
  2471 | D:4      | Found a shattered altar of Ashenzari.
  2549 | D:4      | Found a white marble altar of Elyvilon.
  2605 | D:4      | Found a basalt altar of Yredelemnul.
  2633 | D:4      | Found a faded altar of an unknown god.
  2633 | D:4      | Found a faded altar of an unknown god.
  2638 | D:4      | Found a bloodstained altar of Trog.
  2640 | D:4      | Found a faded altar of an unknown god.
  2642 | D:4      | Found a faded altar of an unknown god.
  2680 | D:4      | Noticed a bullfrog
  2683 | D:4      | Killed a bullfrog
  2683 | D:4      | Reached XP level 5. HP: 45/46 MP: 4/4
  2704 | D:4      | Noticed a phantom
  2724 | D:4      | Killed a phantom
  2724 | D:4      | Reached skill level 6 in Axes
  2724 | D:4      | Reached XP level 6. HP: 37/53 MP: 5/5
  2959 | D:4      | Noticed Natasha
  2962 | D:4      | Killed Natasha
  2989 | D:4      | Noticed Edern's ghost (amateur DsAK)
  2997 | D:4      | Killed Edern's ghost
  3056 | D:4      | Found a glowing silver altar of Zin.
  3152 | D:5      | Entered Level 5 of the Dungeon
  3312 | D:5      | Noticed Dowan
  3314 | D:5      | Noticed Duvessa
  3322 | D:5      | Killed Duvessa
  3322 | D:5      | Reached skill level 5 in Fighting
  3322 | D:5      | Reached skill level 7 in Axes
  3322 | D:5      | Reached XP level 7. HP: 45/61 MP: 6/6
  3325 | D:5      | Killed Dowan
  3541 | D:5      | Reached skill level 5 in Armour
  3652 | D:5      | Gained mutation: You have a pair of large horns on your head. [mutagenic meat]
  3653 | D:5      | Gained mutation: You have sharp toenails. [mutagenic meat]
  3654 | D:5      | Gained mutation: Scrolls take you a little longer to read. [mutagenic meat]
  3655 | D:5      | Gained mutation: You expend magic power (3 MP) to strengthen your wands. [mutagenic meat]
  3779 | D:5      | Reached skill level 5 in Dodging
  3809 | D:5      | Reached skill level 8 in Axes
  3809 | D:5      | Reached XP level 8. HP: 70/70 MP: 7/7
  3997 | D:5      | Found a shadowy altar of Dithmenos.
  4000 | D:5      | Reached *** piety under Trog
  4213 | D:6      | HP: 2/70 [orc warrior/flail of protection (15)]
  4216 | D:6      | Slain by an orc warrior

Skill      XL: |  1  2  3  4  5  6  7  8 |
---------------+-------------------------+-----
Axes           | 4 5 6 7 8 |  8.8
Armour         | 3 4 5 6 |  6.1
Fighting       | 4 5 6 |  6.2
Dodging        | 3 4 5 |  5.5

Action                   |  1- 3 |  4- 6 |  7- 9 || total
-------------------------+-------+-------+-------++-------
Melee: Hand axe          |    65 |       |       ||    65
       Headbutt          |     7 |     8 |    15 ||    30
       War axe           |    13 |    54 |    95 ||   162
       Kick              |       |       |    20 ||    20
Invok: Berserk           |       |     1 |     1 ||     2
       Trog's Hand       |       |       |     3 ||     3
 Stab: Sleeping          |     1 |       |     1 ||     2
  Eat: Chunk             |     3 |     4 |     9 ||    16
Armor: Animal skin       |    26 |       |       ||    26
       Leather armour    |       |    18 |    35 ||    53
Dodge: Dodged            |    45 |    34 |    56 ||   135
